 Dungeon Crawl Stone Soup version 0.29-a0-997-gf6f7e2dfe7 (webtiles) character file.

Game seed: 10371375126697843667

614 IdlyInterested the Poker (level 7, -1/54 HPs)
             Began as a Demonspawn Fighter on Aug 4, 2022.
             Slain by Pikel
             ... wielding a +0 whip of electrocution
              (5 damage)
             ... on level 5 of the Dungeon.
             The game lasted 00:15:17 (4599 turns).

IdlyInterested the Poker (Demonspawn Fighter)       Turns: 4599, Time: 00:15:17

Health: -1/54      AC: 12    Str: 18    XL:     7   Next: 20%
Magic:  7/7        EV:  7    Int: 10    God:
Gold:   145        SH:  0    Dex: 12    Spells: 6/6 levels left

rFire   + . .      SeeInvis .   a - +0 trident
rCold   x . .      Faith    .   c - +0 buckler
rNeg    . . .      Spirit   .   z - +0 chain mail
rPois   +          Reflect  .   B - +0 helmet
rElec   .          Harm     .   (no cloak)
rCorr   .          Rampage  .   (no gloves)
Will    .....                   (no boots)
Stlth   ..........              G - amulet of regeneration
HPRegen 0.98/turn               e - ring of fire
MPRegen 0.10/turn               k - ring of poison resistance

@: confused, brilliant
A: thin metallic scales 1, icemail 1, powered by death 1, condensation shield
a: no special abilities


You were on level 5 of the Dungeon.
You visited 1 branch of the dungeon, and saw 5 of its levels.

You collected 220 gold pieces.
You spent 75 gold pieces at shops.

Inventory:

Hand Weapons
 a - a +0 trident (weapon)
 b - a +0 spear
 E - a +0 spear
 H - a +0 trident
Missiles
 q - 3 boomerangs (quivered)
 r - 5 javelins
 L - 5 curare-tipped darts
Armour
 c - a +0 buckler (worn)
 z - a +0 chain mail (worn)
 B - a +0 helmet (worn)
 F - a +0 chain mail
 J - a +0 chain mail
Jewellery
 e - a ring of fire (left hand)
 k - a ring of poison resistance (right hand)
 y - an amulet of faith
 G - an amulet of regeneration (around neck)
Wands
 d - a wand of flame (9)
 s - a wand of roots (4)
 K - a wand of paralysis (4)
Scrolls
 g - a scroll of poison {unknown}
 j - a scroll of enchant weapon {unknown}
 l - 2 scrolls of enchant armour {unknown}
 n - 3 scrolls of identify {unknown}
 v - 2 scrolls of blinking {unknown}
 A - 5 scrolls of magic mapping
 I - a scroll of fear {unknown}
Potions
 f - a potion of curing {unknown}
 h - a potion of mutation {unknown}
 i - a potion of magic
 m - a potion of resistance {unknown}
 o - a potion of invisibility {unknown}
 p - a potion of haste {unknown}
 t - a potion of attraction {unknown}
 u - 2 potions of lignification
 w - a potion of degeneration {unknown}
 C - 2 potions of brilliance
 D - a potion of ambrosia {unknown}


   Skills:
 - Level 4.0 Fighting
 * Level 5.8 Polearms
 - Level 1.0 Throwing
 + Level 3.6 Armour
 - Level 1.0 Dodging
 - Level 1.0 Stealth
 - Level 2.6 Shields
 + Level 1.2 Evocations


You had 6 spell levels left.
You didn't know any spells.
Your spell library contained the following spells:

 Spells                   Type           Power      Damage    Failure   Level
 Ensorcelled Hibernation  Hex/Ice        0%         N/A       100%        2
 Spider Form              Tmut/Pois      0%         N/A       100%        3
 Anguish                  Hex/Necr       0%         N/A       100%        4


Dungeon Overview and Level Annotations

Branches:
Dungeon (5/15)
 Temple: D:4-7

Altars:
Vehumet

Shops:
D:2 !?:(

Annotations:
D:5 Pikel


Innate Abilities, Weirdness & Mutations

You are partially covered in thin metallic scales. (AC +2)
A meltable icy envelope protects you from harm. (AC +0)
You regenerate a little health from kills.
A meltable shield of frost defends you. (SH +0)


Message History

You are electrocuted!
You completely miss something.
You feel less wooden.
Your +0 helmet unmelds from your body.
Your +0 chain mail unmelds from your body.
Something hits you but does no damage. Pikel hits you but does no damage.
You are electrocuted!
* * * LOW HITPOINT WARNING * * *
You barely miss Pikel.
Pikel is heavily wounded.
Something hits you but does no damage.
Pikel hits you with a +0 whip of electrocution.
* * * LOW HITPOINT WARNING * * *
It was a potion of brilliance.
You feel clever all of a sudden.
You hear some strange, mumbled words.
You are more confused.
Pikel says, "You'll make a fine lemure."
Pikel barely misses you.
It was a potion of magic.
Magic courses through your body.
An orc wizard appears from thin air!
Reactivating autopickup.
The orc wizard hits you but does no damage.
Pikel hits you but does no damage.
You are electrocuted!
* * * LOW HITPOINT WARNING * * *
You closely miss Pikel.
Pikel is moderately wounded.
The orc wizard points at you and mumbles some strange words.
The magic dart hits you but does no damage.
Pikel barely misses you.
You closely miss Pikel.
Pikel is moderately wounded.
Pikel closely misses you.
The orc wizard hits you but does no damage.
You bump into the rock wall.
The orc wizard points at you and mumbles some strange words.
The puff of flame hits you. You resist.
* * * LOW HITPOINT WARNING * * *
Pikel hits you with a +0 whip of electrocution.
You die...

.### .>.....
......... .........
........#
........##
........)######
........sho@Kh#
.....?...####55l...
.......<......#....
.........###.......
..........# .. .
.... ............
... ...........##.
#..........5.... ..
................. .


You could see Pikel, 2 black bears, 2 lemures, a scorpion, an iguana and an orc
wizard.

Vanquished Creatures
  Edmund (D:5)
  A phantom (D:4)
  2 scorpions (D:4)
  A hound (D:4)
  2 orc priests (D:5)
  Ijyb (D:3)
  11 adders
  2 worms
  3 dart slugs
  10 orcs
  6 bats (D:1)
  8 endoplasms
  2 giant cockroaches (D:4)
  5 hobgoblins (D:1)
  4 jackals
  2 quokkas
  6 ball pythons
  2 frilled lizards
  4 goblins
  7 kobolds
  3 rats
83 creatures vanquished.

Notes
Turn   | Place    | Note
-------+----------+-------------------------------------------
     0 | D:1      | IdlyInterested the Demonspawn Fighter began the quest for
                  | the Orb.
     0 | D:1      | Reached XP level 1. HP: 18/18 MP: 1/1
    37 | D:1      | Reached skill level 2 in Polearms
   358 | D:1      | Gained mutation: A meltable shield of frost defends you.
                  | (SH +0) [demonic ancestry]
   358 | D:1      | Reached XP level 2. HP: 24/24 MP: 2/2
   625 | D:1      | Reached skill level 3 in Polearms
  1290 | D:2      | Gained mutation: You are partially covered in thin metallic
                  | scales. (AC +2) [demonic ancestry]
  1290 | D:2      | Reached XP level 3. HP: 24/29 MP: 3/3
  1683 | D:2      | Found Ikkig's Magic Scroll Shop.
  1710 | D:2      | Found Cietterph's Distillery.
  1769 | D:2      | Gained mutation: A meltable icy envelope protects you from
                  | harm. (AC +0) [demonic ancestry]
  1769 | D:2      | Reached XP level 4. HP: 33/35 MP: 4/4
  1933 | D:2      | Found Pikyett's Book Shoppe.
  2182 | D:2      | Found Yjuppubi's Weapon Emporium.
  2518 | D:2      | Bought a scroll of magic mapping for 75 gold pieces
  2762 | D:3      | Noticed Ijyb
  2782 | D:3      | Killed Ijyb
  2783 | D:3      | Reached skill level 4 in Polearms
  2783 | D:3      | Reached skill level 1 in Dodging
  2791 | D:3      | Gained mutation: You regenerate a little health from kills.
                  | [demonic ancestry]
  2791 | D:3      | Reached XP level 5. HP: 15/41 MP: 5/5
  3193 | D:3      | Found a faded altar of an unknown god.
  3560 | D:4      | Reached skill level 1 in Stealth
  3772 | D:4      | Reached XP level 6. HP: 42/48 MP: 6/6
  3855 | D:4      | Reached skill level 5 in Polearms
  3855 | D:4      | Reached skill level 1 in Evocations
  4391 | D:5      | Entered Level 5 of the Dungeon
  4395 | D:5      | Noticed Edmund
  4416 | D:5      | Killed Edmund
  4417 | D:5      | Reached skill level 1 in Throwing
  4417 | D:5      | Reached XP level 7. HP: 52/54 MP: 7/7
  4439 | D:5      | Found a radiant altar of Vehumet.
  4554 | D:5      | Noticed Pikel
  4599 | D:5      | Slain by Pikel

Illustrated notes

Levels and vault maps discovered:
D:1:      dpeg_arrival_round_c, layout_loops_ring, st_stairs_13,
          grunt_decor_cap, minivault_26, nrook_mini_vaults,
          corexii_item_surrounded_by_moat, ebering_dispersal_statue_hall
D:2:      layout_loops_corners, serial_shops, nicolae_shop_hallway_plus,
          nicolae_shop_stone, nicolae_diamond_shop,
          nicolae_shop_bloodbath_and_beyond, minmay_tromino_i2
D:3:      layout_basic, hellmonk_ecumenical_altar_pennies_from_heaven, uniq_ijyb
D:4:      layout_basic
D:5:      layout_rooms, vehumet_statue, nrook_mini_backslash, uniq_eustachio,
          uniq_pikel, uniq_edmund

Skill      XL: |  1  2  3  4  5  6 |
---------------+-------------------+-----
Polearms       | 2 3 4 5 |  5.8
Armour         | 3 |  3.6
Dodging        | 1 |  1.0
Stealth        | 1 |  1.0
Fighting       | 4 |  4.0
Evocations     | 1 |  1.2
Throwing       | 1 |  1.0
Shields        | |  2.6

Action                   |  1- 3 |  4- 6 |  7- 9 || total
-------------------------+-------+-------+-------++-------
Melee: Trident           |   106 |   222 |    46 ||   374
Evoke: Wand              |       |     2 |     1 ||     3
  Use: Potion            |       |     1 |     6 ||     7
 Stab: Paralysed         |       |    10 |       ||    10
Armor: Scale mail        |    39 |       |       ||    39
       Chain mail        |     1 |   153 |    19 ||   173
       Skin              |       |       |    36 ||    36
Dodge: Dodged            |    31 |    67 |    12 ||   110
Block: Buckler           |    35 |    86 |     9 ||   130

Table legend: (Time is in decaauts)
 A = Elapsed time spent in this place.
 B = Non-inter-level travel time spent in this place.
 C = Inter-level travel time spent in this place.
 D = Time resting spent in this place.
 E = Time spent auto-exploring this place.
 F = Levels seen in this place.
 G = Mean time per level.
                   A        B        C        D        E       F      G
               +--------+--------+--------+--------+--------+-----+--------+
         Total |   4655 |   3949 |    706 |    367 |   2566 |   5 |  931.0 |
       Dungeon |   4655 |   3949 |    706 |    367 |   2566 |   5 |  931.0 |
               +--------+--------+--------+--------+--------+-----+--------+

Top non-repeatable levels by time:
     D:2: 1372 daAuts
     D:1: 1305 daAuts
     D:4: 963 daAuts
     D:3: 874 daAuts
     D:5: 139 daAuts
